Match 45518782
Unlisted

Match 45518782
End
Construct Section Command Post
Selects Canadian Shock Battlegroup
Infantry Section
Infantry Section
Vickers Machine Gun Team
ML 3-inch Mortar Team
Selects Attacking Spirit
Selects Canadian Shock Section
Canadian Shock Section
Construct Platoon Command Post
6-pounder Anti-tank Gun Team
Unlock Bishop Self-propelled Artillery
Selects Incendiary Munitions
Canadian Shock Section
Titoo
英国原神,启动!
Alloyzy Klex
SEPH
0
0

Comments sign in to comment!

No comments posted yet!